 Dungeon Crawl Stone Soup version 0.23.1 (webtiles) character file.

Game seed: 0

318 Borgoz the Skirmisher (level 6, 0/52 HPs)
             Began as a Ghoul Monk on Mar 17, 2019.
             Slain by a shadow imp (4 damage)
             ... on level 5 of the Dungeon.
             The game lasted 00:07:58 (2915 turns).

Borgoz the Skirmisher (Ghoul Monk)                  Turns: 2915, Time: 00:07:58

Health: 0/52       AC:  2    Str: 20    XL:     6   Next: 45%
Magic:  5/5        EV: 14    Int:  5    God:
Gold:   125        SH:  6    Dex: 13    Spells: 5/5 levels left

rFire    . . .     SeeInvis .   k - +0 dagger (drain)
rCold    + . .     Gourm    .   (no shield)
rNeg     + + +     Faith    .   b - +0 robe
rPois    ∞         Spirit   .   (no helmet)
rElec    .         Reflect  +   (no cloak)
rCorr    .         Harm     .   (no gloves)
MR       .....                  (no boots)
Stlth    ++........             a - +6 amulet of reflection
HPRegen  0.00/turn              q - +5 ring of strength
MPRegen  0.09/turn              (no ring)

@: rotting
A: rotting body, claws 1, carnivore, cold resistance 1, negative energy
resistance 3, inhibited regeneration, torment resistance, unbreathing
a: no special abilities


You were on level 5 of the Dungeon.
You were not hungry.

You visited 1 branch of the dungeon, and saw 5 of its levels.

You collected 125 gold pieces.

Inventory:

Hand Weapons
 k - a +0 dagger of draining (weapon)
 v - a +1 short sword of freezing
Armour
 b - a +0 robe (worn)
 p - a +0 ring mail
Jewellery
 a - a +6 amulet of reflection (around neck)
 q - a +5 ring of strength (left claw)
 w - a +2 ring of intelligence {unknown}
Wands
 t - a wand of flame (21)
Scrolls
 f - a scroll of magic mapping {unknown}
 h - 3 scrolls of amnesia {unknown}
 j - 5 scrolls of remove curse {unknown}
 n - 2 scrolls of enchant armour {unknown}
 r - a scroll of teleportation {unknown}
 y - 2 scrolls of identify {unknown}
 z - a scroll of fear {unknown}
Potions
 d - a potion of might
 g - a potion of agility {unknown}
 i - a potion of lignification
 l - a potion of resistance {unknown}
 m - a potion of brilliance {unknown}
 o - a potion of magic {unknown}
 s - a potion of invisibility {unknown}
 u - a potion of degeneration {unknown}
 x - a potion of berserk rage
Comestibles
 c - 5 rations


   Skills:
 + Level 4.0 Fighting
 * Level 4.0 Short Blades
 * Level 2.4 Armour
 * Level 4.0 Dodging
 + Level 3.3 Stealth


You had 5 spell levels left.
You didn't know any spells.
Your spell library contained the following spells:

 Spells                   Type           Power        Failure   Level  Hunger
 Animate Skeleton         Necr           N/A          47%         1    ##.....
 Apportation              Tloc           #.....       47%         1    ##.....
 Confusing Touch          Hex            #.....       47%         1    ##.....
 Summon Small Mammal      Summ           #...         47%         1    ##.....


Dungeon Overview and Level Annotations

Branches:
Dungeon (5/15)
 Temple: D:4-7

Altars:
Fedhas
Xom
Zin
The Shining One


Innate Abilities, Weirdness & Mutations

Your body is rotting away.
You thrive on raw meat.
You are immune to poison.
You have sharp fingernails.
You are carnivorous and can eat meat at any time.
Your flesh is cold resistant. (rC+)
You are immune to negative energy. (rN+++)
You do not regenerate when monsters are visible.
You are immune to unholy pain and torment.
You can survive without breathing.


Message History

You see here a smoky black potion.
You hit the shadow imp.
The shadow imp is moderately wounded.
You block the shadow imp's attack.
You hit the shadow imp.
The shadow imp is moderately wounded.
The shadow imp hits you.
* * * LOW HITPOINT WARNING * * *
You barely miss the shadow imp.
The shadow imp is moderately wounded.
It was a potion of berserk rage.
You cannot raise a blood rage in your lifeless body.
The shadow imp hits you but does no damage.
It was a potion of lignification.
You feel woody for a moment. The shadow imp hits you.
* * * LOW HITPOINT WARNING * * *
Unknown command.
You block the shadow imp's attack.
It was a potion of curing.
You feel better. The shadow imp hits you.
You die...

##.####........?.
#................
#................
#.............. ### ###
#....<.........
#...#..##..............
#.........##...........
#...................(..
#.$@5..............
#...##!...##.......
##...#..#..........
#...#.###........?
#.....# ..##....
#...... .## ... ####..#
## ####


You could see a shadow imp.

Vanquished Creatures
  2 bullfrog skeletons
  An orc priest (D:4)
  An orc wizard (D:4)
  Jessica (D:3)
  Terence (D:3)
  2 worker ants
  2 hound skeletons
  An adder (D:2)
  A worm (D:3)
  2 dart slugs (D:1)
  3 leopard geckos
  3 orcs (D:4)
  8 bats
  A giant cockroach (D:3)
  9 goblins
  4 hobgoblins
  3 jackals
  7 kobolds
  2 quokkas (D:2)
  A ball python (D:2)
  4 frilled lizards
  7 rats
66 creatures vanquished.

Notes
Turn   | Place    | Note
-------+----------+-------------------------------------------
     0 | D:1      | Borgoz the Ghoul Monk began the quest for the Orb.
     0 | D:1      | Reached XP level 1. HP: 19/19 MP: 0/0
   210 | D:1      | Reached XP level 2. HP: 24/26 MP: 1/1
   661 | D:2      | Reached skill level 1 in Armour
   661 | D:2      | Reached XP level 3. HP: 21/31 MP: 2/2
  1304 | D:3      | Reached XP level 4. HP: 34/38 MP: 3/3
  1356 | D:3      | Found a glowing golden altar of the Shining One.
  1391 | D:3      | Noticed Jessica
  1398 | D:3      | Killed Jessica
  1567 | D:3      | Noticed Terence
  1580 | D:3      | Killed Terence
  1580 | D:3      | Reached XP level 5. HP: 34/46 MP: 4/4
  2118 | D:4      | Reached XP level 6. HP: 32/52 MP: 5/5
  2348 | D:4      | Found a shimmering altar of Xom.
  2361 | D:4      | Noticed an angel
  2364 | D:4      | Found a glowing silver altar of Zin.
  2484 | D:4      | Found a blossoming altar of Fedhas.
  2871 | D:5      | Entered Level 5 of the Dungeon
  2911 | D:5      | HP: 1/50 [shadow imp (3)]
  2915 | D:5      | Slain by a shadow imp

Skill      XL: |  1  2  3  4  5  6 |
---------------+-------------------+-----
Short Blades   | 3 4 |  4.0
Armour         | 1 2 |  2.4
Dodging        | 3 4 |  4.0
Stealth        | 3 |  3.3
Fighting       | 4 |  4.0

Action                   |  1- 3 |  4- 6 || total
-------------------------+-------+-------++-------
Melee: Short sword       |    30 |       ||    30
       Dagger            |   104 |   161 ||   265
  Use: Potion            |       |     3 ||     3
 Stab: Sleeping          |     3 |     1 ||     4
  Eat: Chunk             |     2 |     6 ||     8
Armor: Robe              |    15 |    14 ||    29
Dodge: Dodged            |    82 |    79 ||   161
Block: Other             |     5 |    40 ||    45
       Reflection        |     1 |     3 ||     4
